 Dungeon Crawl Stone Soup version 0.31-a0-175-g9f7f995f2b (webtiles) character file.

Game seed: 15880570554625679147

58 Hajna the Chopper (level 4, -1/40 HPs)
             Began as a Hill Orc Monk on June 17, 2023.
             Killed from afar by Natasha (9 damage)
             ... with a magic dart
             ... on level 2 of the Dungeon.
             The game lasted 00:02:57 (949 turns).

Hajna the Chopper (Hill Orc Monk)                    Turns: 949, Time: 00:02:57

Health: -1/40      AC:  5    Str: 15    XL:     4   Next: 1%
Magic:  4/4        EV: 11    Int: 10    God:
Gold:   29         SH:  0    Dex: 13    Spells: 3/3 levels left

rFire   . . .        a - +0 hand axe
rCold   . . .        d - orb {light}
rNeg    . . .        i - +0 ring mail
rPois   .            (no helmet)
rElec   .            j - scarf {repulsion}
rCorr   .            (no gloves)
SInv    .            (no boots)
Will    .....        (no amulet)
Stlth   +            (no ring)
HPRegen 0.26/turn    (no ring)
MPRegen 0.09/turn

%: repel missiles
@: glowing
A: no striking features
a: no special abilities


You were on level 2 of the Dungeon.
You visited 1 branch of the dungeon, and saw 2 of its levels.

You collected 29 gold pieces.

Inventory:

Hand Weapons
 a - a +0 hand axe (weapon)
Missiles
 g - 8 poisoned darts
 h - 35 stones (quivered)
Armour
 b - a +0 robe
 d - an orb of light (worn)
 i - a +0 ring mail (worn)
 j - a scarf of repulsion (worn)
Wands
 k - a wand of flame (25)
Scrolls
 e - a scroll of enchant weapon {unknown}
Potions
 c - a potion of ambrosia
 f - a potion of heal wounds {unknown}


   Skills:
 + Level 4.2 Fighting
 + Level 5.0 Axes
 + Level 0.5 Throwing
 + Level 2.9 Dodging


You had 3 spell levels left.
You didn't know any spells.
Your spell library was empty.

Dungeon Overview and Level Annotations

Branches:
Dungeon (2/15)

Altars:

Annotations:
D:2 Natasha


Message History

You resist with significant effort.
Found 16 gold pieces.
Natasha claws you!
You hit Natasha.
Natasha is heavily wounded.
Natasha misses you.
You hit Natasha.
Natasha is severely wounded.
Natasha closely misses you.
You hit Natasha.
You kill Natasha!
Natasha screams in pain as she dies!
Your Axes skill increases to level 5!
You have reached level 4!
Natasha, Servant of Life and Death comes into view.
Natasha claws you.
You hit Natasha but do no damage.
Natasha hisses.
Natasha claws you!
You barely miss Natasha. Natasha claws you.
You slash Natasha!
Natasha is heavily wounded.
Natasha closely misses you.
You closely miss Natasha.
Natasha is heavily wounded.
Natasha casts a spell at you. The magic dart hits you!
You hit Natasha.
Natasha is severely wounded.
Natasha claws you.
* * * LOW HITPOINT WARNING * * *
You hit Natasha.
Natasha is almost dead.
Natasha claws you.
* * * LOW HITPOINT WARNING * * *
You hit Natasha but do no damage.
Natasha is almost dead.
Natasha stares at you and mumbles some strange words.
The magic dart hits you!
You die...

#.###.#.....
#.##.#...#.....
#.#............
#...............
.......$........
................
#<...h......#
#....@......#
#...........#
#...........#
#...........# ...#
...##...####.##.###
....#.#....#. #.##.#####
..........#.. ##........#
..........#.####.........#
.......P.................#


You could see Natasha.

Vanquished Creatures
  Natasha (D:2)
  An adder zombie (D:2)
  A dart slug (D:2)
  2 endoplasms (D:2)
  2 giant cockroaches
  4 hobgoblins
  2 jackals (D:1)
  A kobold (D:2)
  2 quokkas (D:2)
  A ball python (D:1)
  2 ball python skeletons (D:2)
  2 bats (D:1)
  2 frilled lizards (D:1)
  2 goblins (D:1)
  2 rats (D:1)
27 creatures vanquished.

Notes
Turn   | Place    | Note
-------+----------+-------------------------------------------
     0 | D:1      | Hajna the Hill Orc Monk began the quest for the Orb.
     0 | D:1      | Reached XP level 1. HP: 19/19 MP: 1/1
   280 | D:1      | Reached XP level 2. HP: 27/27 MP: 2/2
   799 | D:2      | Reached XP level 3. HP: 32/33 MP: 3/3
   842 | D:2      | Found a faded altar of an unknown god.
   921 | D:2      | Noticed Natasha
   927 | D:2      | Killed Natasha
   928 | D:2      | Reached skill level 5 in Axes
   928 | D:2      | Reached XP level 4. HP: 32/40 MP: 4/4
   939 | D:2      | Noticed Natasha
   949 | D:2      | Killed from afar by Natasha

Illustrated notes

Levels and vault maps discovered:
D:1:      sevenhm_arrival_forest_fort_small_5, layout_basic
D:2:      layout_rooms, serial_undead, serial_undead_d, serial_undead_b,
          serial_undead_c, serial_undead_f,
          hellmonk_ecumenical_altar_slurped_away, uniq_natasha

Skill      XL: |  1  2  3 |
---------------+----------+-----
Fighting       | 4 |  4.2
Axes           | 5 |  5.0
Throwing       | |  0.5
Dodging        | |  2.9

Action                     |  1- 3 |  4- 6 || total
---------------------------+-------+-------++-------
  Melee: Hand axe          |    74 |     7 ||    81
  Throw: Stone             |     8 |       ||     8
    Use: Scroll            |     2 |       ||     2
 Armour: Robe              |     9 |       ||     9
         Ring mail         |    11 |       ||    11
  Dodge: Dodged            |    40 |     1 ||    41

Table legend: (Time is in decaauts)
 A = Elapsed time spent in this place.
 B = Non-inter-level travel time spent in this place.
 C = Inter-level travel time spent in this place.
 D = Time resting spent in this place.
 E = Time spent auto-exploring this place.
 F = Levels seen in this place.
 G = Mean time per level.
                   A        B        C        D        E       F      G
               +--------+--------+--------+--------+--------+-----+--------+
         Total |    957 |    919 |     38 |      0 |    720 |   2 |  478.5 |
       Dungeon |    957 |    919 |     38 |      0 |    720 |   2 |  478.5 |
               +--------+--------+--------+--------+--------+-----+--------+

Top non-repeatable levels by time:
     D:1: 758 daAuts
     D:2: 199 daAuts
